 Dungeon Crawl Stone Soup version 0.29-a0-219-g0a02b1cf4f (webtiles) character file.

Game seed: 8974497969700951824

24892 wakim the Fighter (level 12, -5/127 HPs)
             Began as a Troll Monk on Feb 24, 2022.
             Was an Elder of Qazlal.
             Slain by a six-headed hydra (9 damage)
             ... on level 2 of the Lair of Beasts on Feb 25, 2022.
             The game lasted 00:58:28 (12889 turns).

wakim the Fighter (Troll Monk)                     Turns: 12889, Time: 00:58:28

Health: -5/127     AC:  9    Str: 24    XL:     12   Next: 84%
Magic:  1/16       EV: 12    Int:  6    God:    Qazlal [****..]
Gold:   328        SH:  5    Dex: 18    Spells: 11/15 levels left

rFire   + . .      SeeInvis .     - Unarmed
rCold   + . .      Faith    .   (no shield)
rNeg    . . .      Spirit   .   Q - +0 troll leather armour
rPois   +          Reflect  .   (helmet restricted)
rElec   .          Harm     .   (no cloak)
rCorr   .          Rampage  .   (gloves unavailable)
Will    .....                   (boots unavailable)
Stlth   +.........              w - amulet of Qitweh {rPois rC+ Regen+ Dex+4 Stlth-}
HPRegen 2.71/turn               p - ring of protection from cold
MPRegen 0.15/turn               Z - ring of fire

@: protected from physical damage, very slightly contaminated, repel missiles
A: large, unfitting armour, claws 3, regeneration 1, shaggy fur 1, tough skin 1
a: Renounce Religion, Upheaval, Elemental Force


You were on level 2 of the Lair of Beasts.
You worshipped Qazlal.
Qazlal was greatly pleased with you.
You visited 3 branches of the dungeon, and saw 14 of its levels.
You also visited: Sewer and Bailey.

You collected 1039 gold pieces.
You spent 711 gold pieces at shops.

Inventory:

Hand Weapons
 b - a +1 hunting sling
Missiles
 t - 4 javelins
 u - an atropa-tipped dart
 A - 4 large rocks {=f}
 W - 3 curare-tipped darts {=f}
 Y - 27 poisoned darts (quivered)
Armour
 a - the +3 robe of the Ward {rPois rC+ Str+3}
   (You found it on level 4 of the Dungeon)

   Str:       It affects your strength (+3).
   rC:        It protects you from cold.
   rPois:     It protects you from poison.
 Q - a +0 troll leather armour (worn)
Jewellery
 p - a ring of protection from cold (left claw)
 w - the amulet of Qitweh (around neck) {rPois rC+ Regen+ Dex+4 Stlth-}
   (You bought it in a shop on level 1 of the Dungeon)

   [amulet of regeneration]

   Dex:       It affects your dexterity (+4).
   rC:        It protects you from cold.
   rPois:     It protects you from poison.
   Regen:     It increases your rate of health regeneration.
   Stlth:     It makes you less stealthy.
 z - a ring of poison resistance
 Z - a ring of fire (right claw)
Wands
 v - a wand of flame (13)
 x - a wand of charming (5)
 y - a wand of paralysis (3)
 P - a wand of iceblast (8)
Scrolls
 s - a scroll of brand weapon
 G - 4 scrolls of enchant armour
 O - 2 scrolls of enchant weapon
 R - 2 scrolls of amnesia
 S - a scroll of noise {!r}
 T - 3 scrolls of teleportation
 U - 3 scrolls of fear
 V - a scroll of vulnerability {!r!r}
 X - 2 scrolls of fog
Potions
 q - a potion of flight {unknown}
 B - 3 potions of attraction {!q}
 C - a potion of resistance
 D - 4 potions of brilliance
 E - 3 potions of cancellation
 F - 5 potions of curing
 H - 6 potions of haste
 I - a potion of invisibility
 J - 8 potions of heal wounds
 K - 2 potions of magic
 L - a potion of lignification {!q}
 M - a potion of mutation {!q}
 N - 3 potions of might


   Skills:
 + Level 10.5 Fighting
 + Level 4.6 Throwing
 - Level 6.0 Dodging
 - Level 1.0 Stealth
 + Level 10.3 Unarmed Combat
 - Level 2.0 Spellcasting
 - Level 4.0 Translocations
 - Level 4.0 Transmutations
 + Level 7.4 Invocations
 * Level 4.6 Evocations


You had 11 spell levels left.
You knew the following spells:

 Your Spells              Type           Power      Damage    Failure   Level
a - Wereblood             Tmut           5%         N/A       14%         2
B - Blink                 Tloc           10%        N/A       14%         2

Your spell library contained the following spells:

 Spells                   Type           Power      Damage    Failure   Level
 Beastly Appendage        Tmut           10%        N/A       9%          1
 Lesser Beckoning         Tloc           5%         N/A       26%         3
 Pain                     Necr           0%         1d4       43%         1
 Spider Form              Tmut/Pois      3%         N/A       52%         3
 Ignite Poison            Fire/Tmut/Pois 3%         N/A       63%         3
 Conjure Flame            Conj/Fire      0%         6-21      80%         3
 Mephitic Cloud           Conj/Pois/Air  0%         N/A       80%         3
 Manifold Assault         Tloc           5%         N/A       94%         5
 Airstrike                Air            0%         N/A       99%         4
 Animate Armour           Summ/Erth      0%         N/A       99%         4
 Olgreb's Toxic Radiance  Pois           0%         N/A       99%         4
 Sticky Flame             Conj/Fire      0%         2d3       99%         4
 Summon Lightning Spire   Summ/Air       0%         N/A       99%         4
 Agony                    Necr           0%         N/A       100%        5
 Excruciating Wounds      Necr           0%         N/A       100%        5
 Lightning Bolt           Conj/Air       0%         1d11      100%        5
 Borgnjor's Revivificati  Necr           0%         N/A       100%        8
 Necromutation            Tmut/Necr      1%         N/A       100%        8
 Death's Door             Necr           0%         N/A       100%        9


Dungeon Overview and Level Annotations

Branches:
Dungeon (11/15)            Temple (1/1) D:6            Lair (2/6) D:11
    Orc (0/2) D:11          Sewer (visited)          Bailey (visited)
  Swamp: Lair:2-4    Shoals: Lair:2-4     Snake: Lair:2-4    Spider: Lair:2-4

Altars:
Ashenzari
Cheibriados
Dithmenos
Elyvilon
Fedhas
Gozag
Hepliaklqana
Kikubaaqudgha
Makhleb
Nemelex Xobeh
Okawaru
Qazlal
Ru
Sif Muna
Trog
Uskayaw
Vehumet
Wu Jian
Xom
Yredelemnul
Zin
The Shining One

Shops:
D:1 =   D:3 *[(!   D:4 =   D:9 (   D:10 (


Innate Abilities, Weirdness & Mutations

You are too large for most types of armour.
You have claws for hands.
Your natural rate of healing is unusually fast.
You are covered in fur. (AC +1)
You have tough skin. (AC +1)


Message History

Aim: a six-headed hydra (severely wounded) That beam is likely to hit you.
Continue anyway?
A blizzard blasts the area with ice!
The blast of ice hits the six-headed hydra!
The six-headed hydra is almost dead.
The six-headed hydra is flash-frozen.
The six-headed hydra bites you!
* * * LOW HITPOINT WARNING * * *
The six-headed hydra bites you!
* * * LOW HITPOINT WARNING * * *
The six-headed hydra bites you!
* * * LOW HITPOINT WARNING * * *
The six-headed hydra bites you!
* * * LOW HITPOINT WARNING * * *
The six-headed hydra closely misses you.
The six-headed hydra misses you. 26/127 (-42)
Okay, then.
Cast which spell? (? or * to list)
Okay, then.
Cast which spell? (? or * to list)
You miscast Blink.
You are very lightly contaminated with residual magic.
Nothing appears to happen.
You block the six-headed hydra's attack.
The six-headed hydra bites you!
* * * LOW HITPOINT WARNING * * *
The six-headed hydra closely misses you.
The six-headed hydra bites you!
* * * LOW HITPOINT WARNING * * *
The six-headed hydra barely misses you.
The six-headed hydra closely misses you. 12/127 (-14)
Casting: Blink (safe; 14% risk of failure)
Confirm with . or Enter, or press ? or * to list all spells.
You miscast Blink.
Nothing appears to happen.
The six-headed hydra is no longer encased in ice.
The six-headed hydra bites you!
* * * LOW HITPOINT WARNING * * *
The six-headed hydra bites you!
You die...

...## .....#
......### .....Y..#
#.Y## ##..## #
##Y.## ## ###D# .#
######@#.# .##
#...○.#### ..#
###......## .##
##.........# .#
##..........# .#
##...........## .#
##.............#
.P###.............##
.###...............#


You could see a six-headed hydra.

Vanquished Creatures
  An ogre mage (D:11)
  A catoblepas (Lair:1)
  A death knight (D:11)
  A centaur warrior (D:9)
  Erica (D:11)
  7 two-headed ogres
  Urug (D:11)
  An orc knight (Bailey)
  A phantasmal warrior (D:10)
  A black mamba (Lair:2)
  An unseen horror (D:11)
  Psyche (D:9)
  2 freezing wraiths (D:10)
  2 komodo dragons
  A polar bear (Lair:1)
  2 trolls (D:10)
  A hornet (D:6)
  Prince Ribbit (D:7)
  3 blink frogs (Lair:1)
  A shadow (D:11)
  2 wyverns
  A basilisk (Lair:1)
  3 wraiths
  24 yaks
  A steam dragon (D:8)
  3 vampire mosquitoes (D:11)
  Edmund (D:5)
  2 acid dragons
  8 water moccasins
  2 ice beasts (D:7)
  4 orc warriors
  2 sky beasts
  A black bear (D:11)
  5 ogres
  5 wolves (Lair:1)
  9 centaurs
  4 phantoms
  7 kobold brigands
  6 scorpions
  18 bullfrogs
  2 gnoll sergeants
  A water moccasin zombie (D:5)
  A troll zombie (D:11)
  10 killer bees
  7 wights (D:8)
  An electric eel (Lair:2)
  The ghost of ma3 the Vexing, a weakling DEAM (D:3)
  A centaur zombie (D:6)
  A hound (D:5)
  A jelly (D:6)
  5 orc priests
  A bullfrog skeleton (D:5)
  A centaur skeleton (D:6)
  9 orc wizards
  2 iguanas
  7 ogre zombies (D:11)
  9 adders
  18 gnolls
  4 river rats (Sewer)
  An adder skeleton (D:4)
  6 worms
  3 dart slugs
  35 orcs
  11 endoplasms
  7 giant cockroaches
  12 goblins
  8 hobgoblins
  11 jackals
  A quokka (D:2)
  13 ball pythons
  4 bats
  A goblin skeleton (D:11)
  A goblin zombie (D:11)
  4 hobgoblin skeletons (D:11)
  3 hobgoblin zombies (D:11)
  31 kobolds
  3 orc skeletons (D:11)
  13 orc zombies (D:11)
  14 rats
403 creatures vanquished.

Vanquished Creatures (others)
  25 fungi
  19 plants
44 creatures vanquished.

Grand Total: 447 creatures vanquished

Notes
Turn   | Place    | Note
-------+----------+-------------------------------------------
     0 | D:1      | wakim the Troll Monk began the quest for the Orb.
     0 | D:1      | Reached XP level 1. HP: 22/22 MP: 0/0
   110 | D:1      | Reached XP level 2. HP: 29/29 MP: 1/1
   195 | D:1      | Found Dityggee's Jewellery Shop.
   250 | D:1      | Reached XP level 3. HP: 36/36 MP: 2/2
   824 | D:3      | Found a transporter.
   824 | D:3      | Noticed ma3's ghost (weakling DEAM)
   825 | D:3      | Found a transporter.
   839 | D:3      | Noticed a water moccasin
   930 | D:3      | Found Noamoar's Assorted Antiques.
   938 | D:3      | Bought a scroll labelled YTIOWU ZECLEDOJI for 26 gold
                  | pieces
   938 | D:3      | Bought a sedimented inky potion for 23 gold pieces
   980 | D:3      | Reached XP level 4. HP: 45/45 MP: 3/3
  1217 | D:3      | Found Fefal's Distillery.
  1236 | D:3      | Found Roizi's Weapon Emporium.
  1297 | D:3      | Found Maeck's Armour Boutique.
  1489 | D:4      | Found a glowing drain.
  1515 | Sewer    | Entered a sewer
  1538 | Sewer    | Noticed a kobold brigand
  1576 | Sewer    | Killed a kobold brigand
  1577 | Sewer    | Reached XP level 5. HP: 52/54 MP: 4/4
  1835 | Sewer    | Reached XP level 6. HP: 57/62 MP: 5/5
  1978 | Sewer    | Reached skill level 5 in Unarmed Combat
  2326 | D:4      | Found Jyazierr's Jewellery Emporium.
  2486 | D:4      | Reached XP level 7. HP: 56/71 MP: 6/6
  2770 | D:4      | Got the Reference Book on Contamination
  2839 | D:4      | Reached skill level 5 in Fighting
  2973 | D:4      | Identified the +3 robe of the Ward {rPois rC+ Str+3}
  3154 | D:5      | Entered Level 5 of the Dungeon
  3183 | D:5      | Identified the +1 robe of Incorporation {Str+3 Stlth+}
  3267 | D:5      | Reached XP level 8. HP: 73/81 MP: 7/7
  3597 | D:5      | Found the +7 Singing Sword {vorpal, sonic wave}
  3690 | D:5      | Noticed Edmund
  4058 | D:5      | Killed Edmund
  4154 | D:6      | Found a staircase to the Ecumenical Temple.
  4164 | Temple   | Entered the Ecumenical Temple
  4368 | Temple   | Became a worshipper of Qazlal Stormbringer
  4368 | Temple   | Reached * piety under Qazlal
  4368 | Temple   | Reached ** piety under Qazlal
  4428 | D:6      | Upgraded the game from 0.29-a0-214-g17f627cfee to
                  | 0.29-a0-219-g0a02b1cf4f
  4565 | D:6      | !bestwep
  4668 | D:6      | Reached skill level 5 in Dodging
  4668 | D:6      | Reached XP level 9. HP: 92/92 MP: 8/8
  4763 | D:6      | Paralysed by a centaur for 3 turns
  4781 | D:6      | Reached skill level 1 in Throwing
  4781 | D:6      | Reached skill level 1 in Invocations
  5946 | D:7      | Noticed Prince Ribbit
  5985 | D:7      | Killed Prince Ribbit
  6029 | D:7      | Reached *** piety under Qazlal
  6190 | D:7      | Found a blossoming altar of Fedhas.
  6391 | D:8      | Reached XP level 10. HP: 102/102 MP: 11/11
  6825 | D:8      | Reached skill level 5 in Invocations
  7352 | D:9      | Reached **** piety under Qazlal
  7611 | D:9      | Noticed a centaur warrior
  7631 | D:9      | Killed a centaur warrior
  7726 | D:9      | Noticed Psyche
  7798 | D:9      | Killed Psyche
  8268 | D:9      | Found Zezam's Weapon Boutique.
  8550 | D:10     | Entered Level 10 of the Dungeon
  8637 | D:10     | Found a flagged portal.
  8657 | Bailey   | Entered a bailey
  8680 | Bailey   | Reached XP level 11. HP: 104/111 MP: 15/15
  8860 | Bailey   | Noticed an orc knight
  8866 | Bailey   | Killed an orc knight
  9182 | D:1      | Bought the amulet of Qitweh {rPois rC+ Regen+ Dex+4 Stlth-}
                  | for 662 gold pieces
  9261 | D:3      | Killed ma3's ghost
  9479 | D:10     | Noticed a two-headed ogre
  9558 | D:10     | Reached skill level 1 in Evocations
  9565 | D:10     | Killed a two-headed ogre
  9647 | D:10     | Got Roxanne's Grimoire of the Shifting Rocks
  9651 | D:10     | Learned a level 2 spell: Blink
  9843 | D:10     | Learned a level 2 spell: Wereblood
  9938 | D:10     | Found Neynoash's Firing Range.
 10374 | D:11     | Noticed Urug
 10544 | D:11     | Killed Urug
 10554 | D:11     | Reached skill level 1 in Translocations
 10565 | D:11     | Reached skill level 1 in Transmutations
 10574 | D:11     | Noticed a two-headed ogre
 10585 | D:11     | Killed a two-headed ogre
 10586 | D:11     | Reached skill level 1 in Spellcasting
 10870 | D:11     | Noticed a death knight
 10872 | D:11     | Noticed a phantasmal warrior
 10878 | D:11     | HP: 3/117 [phantasmal warrior[a death knight] (4)]
 11038 | D:11     | Reached ***** piety under Qazlal
 11178 | D:11     | Found a staircase to the Lair.
 11225 | D:11     | Found a staircase to the Orcish Mines.
 11307 | D:11     | Noticed a two-headed ogre
 11307 | D:11     | Noticed a two-headed ogre
 11316 | D:11     | Noticed a two-headed ogre
 11324 | D:11     | Killed a two-headed ogre
 11327 | D:11     | Killed a two-headed ogre
 11330 | D:11     | Noticed an ogre mage
 11334 | D:11     | Killed a two-headed ogre
 11335 | D:11     | Reached skill level 10 in Fighting
 11335 | D:11     | Reached XP level 12. HP: 74/126 MP: 9/16
 11340 | D:11     | Noticed a two-headed ogre
 11341 | D:11     | Killed an ogre mage
 11362 | D:11     | Killed a two-headed ogre
 11409 | D:11     | Noticed a two-headed ogre
 11427 | D:11     | Killed a two-headed ogre
 11485 | D:11     | Noticed Erica
 11508 | D:11     | Killed Erica
 11766 | D:11     | Killed a death knight
 11947 | Lair:1   | Entered Level 1 of the Lair of Beasts
 12021 | Lair:1   | Noticed a catoblepas
 12034 | Lair:1   | Killed a catoblepas
 12052 | Lair:1   | Reached skill level 10 in Unarmed Combat
 12163 | Lair:1   | You fall into a shaft and drop 1 floor!
 12877 | Lair:2   | Noticed a six-headed hydra
 12889 | Lair:2   | HP: 4/127 [six-headed hydra (11)]
 12889 | Lair:2   | Slain by a six-headed hydra

Illustrated notes

##...###...##.........
#.#.#[#.#.###.#######
##...#.#...###.#
..###...###....#
#.#.#.#.#.#.#..#
..##.#.#.##....#
##..#.#.#..###.# ######
...#.#.#.#...#.##.....#
##..#.#.#..###..@..#
..##.#.#.##....##<.#
#.#.#.#.#[#.#..# ..#
..###...###..[.. ..#
##...#.#...###.. ..#
##.#.#.#.#.# #.##.:#
##...###.. # ..# ...
..).)...... ... ..#
..#........#


Turn 4565 on D:6: !bestwep

Levels and vault maps discovered:
D:1:      minmay_arrival_hallway, layout_rooms, serial_shops, shop
D:2:      layout_basic
D:3:      layout_loops_ring, gammafunk_ghost_arena, serial_shops, shop_statue,
          shop, shop, nicolae_shop_crystal, minmay_shallow_snake_nest
D:4:      layout_basic, cheibrodos_sewer_entry_drain,
          minmay_shop_enchanted_jewellery, minmay_tree_intersection, st_stairs_8
D:5:      old_forge, layout_basic, uniq_edmund
D:6:      layout_loops_corners, minmay_temple_entry_waves,
          chequers_serial_rivers_micro_b, minmay_starry_boxes
D:7:      layout_basic, fedhas_altar_1, eino_jars, uniq_prince_ribbit1
D:8:      layout_basic
D:9:      layout_irregular_city, serial_shops, nicolae_shop_crystal, uniq_psyche
D:10:     layout_basic, enter_bailey_4, nicolae_shop_firing_range
D:11:     layout_basic, grunt_lair_entry_orc_guard_hut, zombieorc2_lemuel,
          hangedman_abyss_or_decor_stabs, uniq_erica, uniq_urug
Temple:   kilobyte_greek_temple
Lair:1:   layout_misc_corridors, minmay_hedge_maze
Lair:2:   gammafunk_boulding_lane, layout_cave_pods,
          guppyfry_snake_entry_island, infiniplex_staircase_pool

Skill      XL: |  1  2  3  4  5  6  7  8  9 10 11 12 |
---------------+-------------------------------------+-----
Fighting       | 3 4 5 6 7 9 10 | 10.5
Unarmed Combat | 4 5 6 8 9 10 | 10.3
Dodging        | 3 4 5 6 |  6.0
Throwing       | 4 |  4.6
Invocations    | 3 6 7 |  7.4
Evocations     | 3 4 |  4.6
Translocations | 2 4 |  4.0
Transmutations | 2 4 |  4.0
Spellcasting   | 1 2 |  2.0
Stealth        | |  1.0

Action                   |  1- 3 |  4- 6 |  7- 9 | 10-12 || total
-------------------------+-------+-------+-------+-------++-------
Melee: Unarmed           |    77 |   125 |   294 |   603 ||  1099
       Punch             |     1 |     4 |    11 |    32 ||    48
 Fire: Hunting sling     |    23 |    82 |    51 |    24 ||   180
Throw: Dart              |       |     1 |    25 |    52 ||    78
 Cast: Wereblood         |       |       |       |     2 ||     2
Invok: Upheaval          |       |       |       |    15 ||    15
Evoke: Wand              |       |       |       |     3 ||     3
  Use: Scroll            |     9 |     6 |     7 |     9 ||    31
       Potion            |       |       |     2 |       ||     2
 Stab: Sleeping          |     2 |     3 |       |       ||     5
       Petrified         |       |       |       |     1 ||     1
Armor: Robe              |    14 |    25 |    87 |    65 ||   191
       Troll leather arm |       |       |       |    83 ||    83
Dodge: Dodged            |    20 |    50 |   153 |   347 ||   570
Block: Other             |       |       |    25 |   132 ||   157

Table legend: (Time is in decaauts)
 A = Elapsed time spent in this place.
 B = Non-inter-level travel time spent in this place.
 C = Inter-level travel time spent in this place.
 D = Time resting spent in this place.
 E = Time spent auto-exploring this place.
 F = Levels seen in this place.
 G = Mean time per level.
                   A        B        C        D        E       F      G
               +--------+--------+--------+--------+--------+-----+--------+
         Total |  13004 |  12000 |   1004 |    209 |   8344 |  16 |  812.8 |
       Dungeon |  10707 |   9767 |    940 |    185 |   6813 |  11 |  973.4 |
        Temple |    248 |    212 |     36 |      0 |    189 |   1 |  248.0 |
          Lair |    889 |    862 |     27 |     24 |    627 |   2 |  444.5 |
         Sewer |    859 |    859 |      0 |      0 |    547 |   1 |  859.0 |
        Bailey |    299 |    299 |      0 |      0 |    167 |   1 |  299.0 |
               +--------+--------+--------+--------+--------+-----+--------+

Top non-repeatable levels by time:
     D:9: 1369 daAuts
     D:6: 1346 daAuts
    D:10: 1339 daAuts
    D:11: 1333 daAuts
     D:4: 1057 daAuts
     D:5: 971 daAuts
     D:8: 941 daAuts
   Sewer: 859 daAuts
     D:3: 775 daAuts
  Lair:1: 734 daAuts
     D:7: 705 daAuts
     D:2: 461 daAuts
     D:1: 407 daAuts
  Bailey: 299 daAuts
  Temple: 248 daAuts
